 Dungeon Crawl Stone Soup version 0.16-a0-1301-gf74d490 (webtiles) character file.

377 PolkaDot the Caller (level 6, 0/45 HPs)
             Began as a Vampire Summoner on Oct 15, 2014.
             Killed from afar by an orc wizard (9 damage)
             ... with a puff of flame
             ... on level 4 of the Dungeon.
             The game lasted 00:09:41 (3471 turns).

PolkaDot the Caller (Vampire Summoner)              Turns: 3471, Time: 00:09:41

Health: 0/45       AC:  3    Str:  7    XL:     6   Next: 45%
Magic:  10/10      EV: 10    Int: 19    God:
Gold:   138        SH:  0    Dex: 14    Spells: 3 memorised, 3 levels left

rFire  . . .     SeeInvis +     d - staff of summoning
rCold  . . .     Clarity  .     l - +0 leather armour (curse)
rNeg   . . .     SustAb   .     (no shield)
rPois  .         Gourm    .     (no helmet)
rElec  .         Spirit   .     (no cloak)
rCorr  .         Warding  +     (no gloves)
rMut   .         Stasis   .     (no boots)
MR     .....                    h - amulet of regeneration
Stlth  ++........               (no ring)
                                (no ring)

@: regenerating quickly, not resistant to hostile enchantments, unstealthy
A: bottle blood, fangs 3, see invisible, unbreathing
a: Bottle Blood


You were on level 4 of the Dungeon.
You were very full.

You visited 1 branch of the dungeon, and saw 4 of its levels.

You collected 138 gold pieces.

Inventory:

Armour
 l - a cursed +0 leather armour (worn)
Magical staves
 d - an uncursed staff of summoning (weapon)
Jewellery
 c - an uncursed amulet of clarity
 f - an uncursed ring of wizardry {unknown}
 h - an amulet of regeneration (around neck)
Scrolls
 a - a scroll of identify {unknown}
 e - 2 scrolls of noise {unknown}
 g - 2 scrolls of recharging {unknown}
 i - 2 scrolls of enchant weapon
 j - 2 scrolls of random uselessness {unknown}
Potions
 k - a potion of poison {unknown}
 m - a potion of curing
 p - a potion of berserk rage {unknown}
Books
 b - a book of Callings

   Spells                             Type                      Level
   *Summon Small Mammal               Summoning                    1
   *Call Imp                          Summoning                    2
   *Call Canine Familiar              Summoning                    3
   Summon Guardian Golem              Hexes/Summoning              4
   Summon Lightning Spire             Summoning/Air                4
   Summon Ice Beast                   Ice/Summoning                4
 o - a book of Death

   Spells                             Type                      Level
   Corpse Rot                         Necromancy                   2
   Sublimation of Blood               Necromancy                   2
   Agony                              Necromancy                   5
   Dispel Undead                      Necromancy                   5
   Excruciating Wounds                Charms/Necromancy            5
   Bolt of Draining                   Conjuration/Necromancy       5


   Skills:
 - Level 2.3 Fighting
 * Level 3.4 Staves
 - Level 2.1 Dodging
 - Level 3.0 Stealth
 - Level 2.0 Spellcasting
 + Level 5.7 Summonings


You had 3 spell levels left.
You knew the following spells:

 Your Spells              Type           Power        Failure   Level  Hunger
a - Summon Small Mammal   Summ           ####         1%          1    #......
d - Call Canine Familiar  Summ           #####...     6%          3    ####...
s - Call Imp              Summ           #####...     2%          2    ##.....


Dungeon Overview and Level Annotations

Branches:
Dungeon (4/15)
 Temple: D:4-7

Altars:
Gozag
Nemelex Xobeh
Okawaru
Ru
Xom


Innate Abilities, Weirdness & Mutations

Your natural rate of healing is unusually fast.
You can bottle blood from corpses.
You have razor-sharp teeth.
You have supernaturally acute eyesight.
You can survive without breathing.


Message History

You hit the orc wizard but do no damage.
The orc wizard barely misses your hound.
The orc wizard points at you and mumbles some strange words.
The puff of frost hits you!
* * * LOW HITPOINT WARNING * * *
Your hound barely misses the orc wizard.
The orc hits your hound.
The orc wizard hits your hound with a dagger.
You hit the orc wizard but do no damage.
Your bite misses the orc wizard.
The orc wizard is severely wounded.
The orc wizard hits you with a dagger.
* * * LOW HITPOINT WARNING * * *
Your hound bites the orc wizard.
The orc wizard closely misses you. The orc wizard hits you with a dagger.
* * * LOW HITPOINT WARNING * * *
The orc closely misses your hound.
Your hound bites the orc wizard.
The orc wizard points at you and mumbles some strange words.
The puff of flame hits you!
You die...

.....?.....# #...
............#######.#.
.......................
.....................##.
##......#.>..........###
.?.....#..#..........# #
#..o..............#
#..oh......#####.##
#..o@...########.#
........)............#
####.$.....##########
#.......# #.......#
#.......# #!......#
#########


You could see 2 orc wizards, an orc and a friendly hound.

Vanquished Creatures
  Sigmund (D:3)
  A worker ant (D:4)
  Jessica (D:2)
  2 adders
  A giant mite (D:4)
  A worm (D:3)
  3 giant geckos
  An ooze (D:3)
  11 orcs
  2 ball pythons
  6 bats
  4 giant cockroaches
  10 goblins
  8 hobgoblins
  6 kobolds
  3 quokkas
  6 giant newts
  6 jackals
  A jackal skeleton (D:4)
  10 rats
84 creatures vanquished.

Vanquished Creatures (collateral kills)
  2 ogres (D:4)
  An orc wizard (D:4)
  2 adders
  2 jackals (D:4)
7 creatures vanquished.

Vanquished Creatures (others)
  2 hounds
2 creatures vanquished.

Grand Total: 93 creatures vanquished

Notes
Turn   | Place    | Note
--------------------------------------------------------------
     0 | D:1      | PolkaDot, the Vampire Summoner, began the quest for the Orb.
     0 | D:1      | Reached XP level 1. HP: 13/13 MP: 3/3
   395 | D:1      | Reached skill level 1 in Fighting
   519 | D:1      | Reached XP level 2. HP: 16/21 MP: 4/4
  1208 | D:2      | Reached XP level 3. HP: 12/27 MP: 6/6
  1409 | D:2      | Noticed Jessica
  1419 | D:2      | Killed Jessica
  1476 | D:2      | Found a sparkling altar of Nemelex Xobeh.
  1786 | D:2      | Reached XP level 4. HP: 23/34 MP: 7/7
  1794 | D:2      | Learned a level 3 spell: Call Canine Familiar
  1797 | D:2      | Learned a level 2 spell: Call Imp
  1986 | D:2      | Found an iron altar of Okawaru.
  2278 | D:3      | Noticed Sigmund
  2297 | D:3      | Killed Sigmund
  2297 | D:3      | Reached skill level 1 in Staves
  2297 | D:3      | Reached skill level 5 in Summonings
  2297 | D:3      | Reached XP level 5. HP: 34/39 MP: 2/9
  2452 | D:3      | Found a shimmering altar of Xom.
  2975 | D:4      | Noticed an ogre
  2997 | D:4      | Killed an ogre
  3009 | D:4      | Found an opulent altar of Gozag.
  3070 | D:4      | Found a sacrificial altar of Ru.
  3135 | D:4      | Reached XP level 6. HP: 24/45 MP: 10/10
  3138 | D:4      | Noticed an ogre
  3449 | D:4      | Noticed an ogre
  3459 | D:4      | Killed an ogre
  3471 | D:4      | Killed from afar by an orc wizard

Action                   |  1- 3 |  4- 6 || total
-------------------------+-------+-------++-------
Melee: Unarmed           |    32 |       ||    32
       Dagger            |    68 |       ||    68
       Staff             |    22 |   269 ||   291
 Cast: Summon Small Mamm |     3 |       ||     3
       Call Canine Famil |       |     5 ||     5
  Use: Potion            |     3 |     3 ||     6
       Scroll            |       |     1 ||     1
 Stab: Sleeping          |     5 |     1 ||     6
       Invisible         |       |     1 ||     1
       Distracted        |       |     1 ||     1
  Eat: Corpse            |     9 |    19 ||    28
